 Dungeon Crawl Stone Soup version 0.31-a0-1610-g9787180 (webtiles) character file.

Game seed: 6973985712412419647

3483 PidgeyThePirate the Cleaver (level 10, -5/77 HPs)
             Began as a Formicid Chaos Knight on Jan 8, 2024.
             Was a Plaything of Xom.
             Slain by a +1 spectral lajatang (17 damage)
             ... created by a spriggan
             ... in a bailey.
             The game lasted 00:15:07 (5695 turns).

PidgeyThePirate the Cleaver (Formicid Chaos Knight) Turns: 5695, Time: 00:15:08

Health: -5/77      AC:  9    Str: 23    XL:     10   Next: 27%
Magic:  10/10      EV: 14    Int: 15    God:    Xom [....*.]
Gold:   107        SH: 10    Dex: 13    Spells: 9/9 levels left

rFire   . . .        q - +0 hand axe (spect)
rCold   + . .        v - +0 buckler
rNeg    . . .        k - +0 steam dragon scales
rPois   +            (helmet unavailable)
rElec   .            i - +0 cloak
rCorr   .            (no gloves)
SInv    +            (no boots)
Will    +....        x - amulet of reflection
Stlth   ++           B - ring of Ojeghy {+Blink rPois Str+5 Stlth-}
HPRegen 0.32/turn    e - ring of protection from cold
MPRegen 0.12/turn

%: reflection
@: no status effects
A: permanent stasis, dig shafts and tunnels, antennae 3, four strong arms, claws
1, iridescent scales 1, deterioration 1, no potion heal 1, inability to read
after injury 2, persistent drain
a: Dig, Renounce Religion


You were in a bailey.
You worshipped Xom.
You were a beloved toy of Xom.
You visited 1 branch of the dungeon, and saw 7 of its levels.
You also visited: Bailey.

You collected 407 gold pieces.
You spent 300 gold pieces at shops.

Inventory:

Hand Weapons
 a - a +0 hand axe of venom
 q - a +0 spectral hand axe (weapon)
Missiles
 w - 5 silver javelins (quivered)
Armour
 b - a +2 leather armour
 i - a +0 cloak (worn)
 k - +0 steam dragon scales (worn)
 v - a +0 buckler (worn)
Jewellery
 e - a ring of protection from cold (right claw)
 l - a ring of fire
 n - a +6 ring of intelligence
 r - a ring of ice
 x - an amulet of reflection (around neck)
 A - a ring of fire
 B - the ring of Ojeghy (left claw) {+Blink rPois Str+5 Stlth-}
   (Xom gifted it to you on level 5 of the Dungeon)

   [ring of poison resistance]

   Str+5:     It affects your strength (+5).
   rPois:     It protects you from poison +Blink: It lets you blink.
   Stlth-:    It makes you less stealthy.
 D - a ring of protection from fire
Wands
 m - a wand of polymorph (5)
 t - a wand of acid (3)
Scrolls
 c - 3 scrolls of butterflies
 f - 4 scrolls of identify {unknown}
 g - 4 scrolls of teleportation {unknown}
 h - a scroll of fear {unknown}
 j - a scroll of enchant armour {unknown}
 y - a scroll of blinking {unknown}
 z - a scroll of poison {unknown}
 C - a scroll of amnesia {unknown}
Potions
 d - a potion of attraction
 o - 2 potions of haste
 s - a potion of invisibility {unknown}
 u - a potion of cancellation {unknown}


   Skills:
 + Level 6.7 Fighting
 + Level 9.0 Axes
 + Level 4.4 Armour
 + Level 6.0 Dodging
 + Level 5.0 Stealth
 + Level 6.2 Shields


You had 9 spell levels left.
You didn't know any spells.
Your spell library contained the following spells:

 Spells                   Type           Power      Damage    Failure   Level
 Freeze                   Ice            0%         1d3       32%         1
 Ensorcelled Hibernation  Hex/Ice        0%         N/A       43%         2
 Lesser Beckoning         Tloc           0%         N/A       43%         2
 Momentum Strike          Conj/Tloc      0%         3d8       43%         2
 Frozen Ramparts          Ice            0%         1d1       67%         3
 Hailstorm                Conj/Ice       0%         3d5       67%         3
 Passwall                 Erth           0%         N/A       67%         3
 Tukima's Dance           Hex            0%         N/A       67%         3
 Brom's Barrelling Bould  Conj/Erth      0%         2d3       97%         4
 Cause Fear               Hex            0%         N/A       97%         4
 Dimensional Bullseye     Hex/Tloc       0%         N/A       97%         4
 Iskenderun's Mystic Bla  Conj/Tloc      0%         2d3       97%         4
 Fireball                 Conj/Fire      0%         3d3       100%        5
 Iskenderun's Battlesphe  Conj           0%         2d6       100%        5
 Conjure Ball Lightning   Conj/Air       0%         3x3d6     100%        6
 Orb of Destruction       Conj           0%         9d5       100%        7
 Dragon's Call            Summ           0%         N/A       100%        9
 Blink                    Tloc           Unusable   N/A       N/A         2
 Swiftness                Air            Unusable   N/A       N/A         3

Dungeon Overview and Level Annotations

Branches:
Dungeon (7/15)             Temple (0/1) D:4          Bailey (1/1)

Altars:
Kikubaaqudgha
Okawaru
Xom
Yredelemnul

Shops:
D:6 =


Innate Abilities, Weirdness & Mutations

You cannot be hasted, slowed, berserked, paralysed or teleported.
You can dig through walls and to a lower floor.
You have a pair of large antennae on your head. (SInv)
Your four strong arms can wield two-handed weapons with a shield.
You have sharp fingernails.
You are partially covered in iridescent scales. (AC +2)
Your body sometimes deteriorates upon taking damage.
Potions are less effective at restoring your health.
You sometimes lose the ability to read scrolls when taking damage.
Your health recovers twice as slowly from being drained.


Message History

Your +0 spectral hand axe misses the spriggan.
Your +0 spectral hand axe hits the spriggan!
Your +0 spectral hand axe hits the spriggan.
You kill the spriggan!
You hear a splash.
The spriggan misses your +0 spectral hand axe.
The spriggan closely misses your +0 spectral hand axe.
Your Shields skill increases to level 6!
You closely miss the spriggan.
The spriggan is heavily wounded.
You miss the spriggan.
Your +0 spectral hand axe hits the spriggan.
Your +0 spectral hand axe misses the spriggan.
Your +0 spectral hand axe closely misses the spriggan.
Your +0 spectral hand axe hits the spriggan.
The spriggan hits you with a +5 rapier of speed!
* * * LOW HITPOINT WARNING * * *
You hit the spriggan.
You kill the spriggan!
You miss the spriggan.
Your +0 spectral hand axe hits the spriggan but does no damage.
The spriggan closely misses you. The +1 spectral lajatang hits you!!
* * * LOW HITPOINT WARNING * * *
Your Axes skill increases to level 9!
Your Dodging skill increases to level 6!
Your Stealth skill increases to level 5!
A +1 spectral lajatang comes into view.
Your system partially rejects the healing.
You feel much better.
Your +0 spectral hand axe disappears. "See what I see, my child!"
You feel aware of your surroundings.
The spriggan hits you with a +1 spectral lajatang!
* * * LOW HITPOINT WARNING * * *
You block the +1 spectral lajatang's attack.
Your system partially rejects the healing.
You feel much better. You block the spriggan's attack.
The +1 spectral lajatang hits you!
You die...
Xom howls with laughter!

##.......##
##.........##
##..##♣♣###..##
##..## ,,..##..##
##..#♣,,
,,..♣#..##
#..##,{**
**.,#...#
~..#,,** ,
♣.#...# ~..♣
{*,,~, ♣.#(..#
~..#,
~,~~~,♣.)i@.#
~..♣
{*,,~,,♣.♣).)#
~..# ,**,
,*♣.#...# #..♣ ,,
** . #...#
##.)#*,, ,
..♣#..##
##..♣*,,,..*#..##
*#..#** **#..##
*#...,,....##
*#.......#


You could see a +1 spectral lajatang (wandering) and a spriggan.

Vanquished Creatures
  Prince Ribbit (D:6)
  Sigmund (D:2)
  3 spriggans (Bailey)
  A steam dragon (D:6)
  Menkaure (D:6)
  A water moccasin (D:5)
  An acid dragon (Bailey)
  An ice beast (D:5)
  7 ogres
  A phantom (D:6)
  A scorpion (D:5)
  6 killer bees (D:7)
  A bombardier beetle (D:4)
  A hound (D:6)
  An orc priest (D:3)
  A gnoll bouda (D:5)
  2 iguanas
  Natasha (thrice) (D:4)
  2 hound zombies (D:3)
  8 gnolls
  15 adders
  2 white imps
  An ufetubus (D:6)
  An adder zombie (D:3)
  2 dart slugs
  10 orcs
  6 ball pythons
  6 endoplasms
  2 giant cockroaches
  9 goblins
  5 hobgoblins
  2 jackals (D:4)
  9 kobolds
  6 quokkas
  4 bats
  3 frilled lizards
  A giant cockroach zombie (D:3)
  A rat (D:2)
129 creatures vanquished.

Vanquished Creatures (collateral kills)
  A two-headed ogre (Bailey)
1 creature vanquished.

Vanquished Creatures (others)
  An ufetubus (D:6)
1 creature vanquished.

Grand Total: 131 creatures vanquished

Notes
Turn   | Place    | Note
-------+----------+-------------------------------------------
     0 | D:1      | PidgeyThePirate the Formicid Chaos Knight began the quest
                  | for the Orb.
     0 | D:1      | Reached XP level 1. HP: 18/18 MP: 1/1
   130 | D:1      | XOM: silly message
   180 | D:1      | Reached XP level 2. HP: 11/24 MP: 2/2
   367 | D:1      | XOM: scenery: create altars
   692 | D:2      | Reached XP level 3. HP: 3/30 MP: 3/3
   695 | D:2      | XOM: enchant monster (good)
   807 | D:2      | XOM: noise
  1027 | D:2      | Noticed Sigmund
  1029 | D:2      | XOM: potion effect (might)
  1035 | D:2      | Reached skill level 1 in Dodging
  1035 | D:2      | Reached XP level 4. HP: 25/37 MP: 4/4
  1037 | D:2      | Killed Sigmund
  1038 | D:2      | Reached skill level 4 in Axes
  1038 | D:2      | Reached XP level 5. HP: 25/43 MP: 5/5
  1038 | D:2      | Reached XP level 6. HP: 28/49 MP: 6/6
  1098 | D:2      | XOM: give mutations
  1098 | D:2      | Gained mutation: You are weak. (Str -2) [Xom's mischief]
  1098 | D:2      | Lost mutation: You are weak. (Str -2) [Xom's mischief]
  1098 | D:2      | Gained mutation: Your body sometimes deteriorates upon
                  | taking damage. [Xom's mischief]
  1109 | D:2      | XOM: give mutations
  1109 | D:2      | Gained mutation: Your health recovers twice as slowly from
                  | being drained. [Xom's mischief]
  1109 | D:2      | Gained mutation: You occasionally lose the ability to read
                  | scrolls when taking damage. [Xom's mischief]
  1109 | D:2      | Gained mutation: You are partially covered in iridescent
                  | scales. (AC +2) [Xom's mischief]
  1155 | D:2      | Found a faded altar of an unknown god.
  1195 | D:2      | Reached skill level 1 in Stealth
  1321 | D:2      | XOM: summons 1 hostile demon
  1568 | D:2      | Noticed an ogre
  1584 | D:2      | XOM: butterfly on damage
  1593 | D:2      | Killed an ogre
  1594 | D:2      | Reached skill level 5 in Axes
  1809 | D:3      | Reached XP level 7. HP: 55/55 MP: 7/7
  1812 | D:3      | XOM: confuse monster(s)
  1865 | D:3      | Found a basalt altar of Yredelemnul.
  1892 | D:3      | Reached skill level 5 in Fighting
  1968 | D:3      | Identified the +2 dagger of the Radish {venom, ^Drain rCorr
                  | Int+9}
  2377 | D:4      | XOM: polymorph goblin -> gnoll
  2508 | D:4      | Found a staircase to the Ecumenical Temple.
  2532 | D:4      | Found an iron altar of Okawaru.
  2594 | D:4      | XOM: fake destruction
  2710 | D:4      | Reached skill level 6 in Axes
  2783 | D:4      | Identified the +7 spear of Rijin {elec, Str+5}
  2815 | D:4      | Noticed Natasha
  2825 | D:4      | Reached XP level 8. HP: 34/62 MP: 8/8
  2828 | D:4      | Killed Natasha
  3099 | D:4      | Noticed Natasha
  3111 | D:4      | Killed Natasha
  3226 | D:4      | Noticed Natasha
  3236 | D:4      | Killed Natasha
  3266 | D:5      | Entered Level 5 of the Dungeon
  3409 | D:5      | XOM: silly message
  3751 | D:5      | XOM: silly message
  4078 | D:5      | XOM: divination: magic mapping
  4170 | D:5      | Identified the ring of Ojeghy {+Blink rPois Str+5 Stlth-}
                  | (Xom gifted it to you on level 5 of the Dungeon)
  4170 | D:5      | XOM: god gift: ring of Ojeghy {+Blink rPois Str+5 Stlth-}
  4237 | D:5      | XOM: noise
  4302 | D:5      | XOM: give mutations
  4302 | D:5      | Gained mutation: You have sharp fingernails. [Xom's
                  | mischief]
  4302 | D:5      | Gained mutation: Potions are less effective at restoring
                  | your health. [Xom's mischief]
  4302 | D:5      | Gained mutation: You sometimes lose the ability to read
                  | scrolls when taking damage. [Xom's mischief]
  4429 | D:6      | Reached skill level 7 in Axes
  4489 | D:6      | XOM: noise
  4490 | D:6      | Noticed Prince Ribbit
  4510 | D:6      | XOM: enchant monster (good)
  4515 | D:6      | XOM: potion effect (heal wounds)
  4516 | D:6      | Killed Prince Ribbit
  4540 | D:6      | Reached skill level 1 in Shields
  4540 | D:6      | Reached XP level 9. HP: 23/69 MP: 9/9
  4924 | D:6      | Found Icvostry's Jewellery Shoppe.
  5067 | D:6      | Bought a ring of protection from fire for 300 gold pieces
  5144 | D:6      | Noticed Menkaure
  5155 | D:6      | Killed Menkaure
  5213 | D:6      | Found an ancient bone altar of Kikubaaqudgha.
  5346 | D:7      | Reached skill level 5 in Dodging
  5393 | D:7      | Found a flagged portal.
  5410 | Bailey   | Entered a bailey
  5446 | Bailey   | XOM: noise
  5450 | Bailey   | Reached skill level 8 in Axes
  5455 | Bailey   | XOM: divination: detect creatures
  5464 | Bailey   | XOM: destruction
  5466 | Bailey   | XOM: fog
  5659 | Bailey   | XOM: enchant monster (good)
  5666 | Bailey   | Noticed a two-headed ogre
  5670 | Bailey   | XOM: god gift: scale mail {god gift}
  5673 | Bailey   | Killed a two-headed ogre
  5674 | Bailey   | Reached skill level 5 in Shields
  5674 | Bailey   | Reached XP level 10. HP: 53/77 MP: 10/10
  5694 | Bailey   | Reached skill level 9 in Axes
  5694 | Bailey   | Reached skill level 5 in Stealth
  5694 | Bailey   | XOM: divination: magic mapping
  5695 | Bailey   | Slain by a +1 spectral lajatang

Illustrated notes

Levels and vault maps discovered:
D:1:      roderic_crop_circles_arrival_small, layout_basic
D:2:      layout_basic, shapermc_ecumenical_altar_starsandcircs,
          hangedman_feature_mirror, uniq_sigmund
D:3:      layout_rooms, nicolae_yredelemnul_corpse_copse
D:4:      layout_basic, hellmonk_okawaru_the_only_friend_you_need,
          minmay_temple_entry_offerings, uniq_natasha
D:5:      nicolae_cairo_tiling_large, layout_basic, grunt_decor_one_mirror,
          small_statue_intersection
D:6:      layout_loops_ring, nicolae_overflow_hidden_temple, serial_shops, shop,
          minmay_misc_feat_rugged, uniq_menkaure, uniq_prince_ribbit1
D:7:      layout_loops_ring, grunt_gozag_statues, enter_bailey_3
Bailey:   bailey_polearm_enchanted_keep_hellmonk, bailey

Skill      XL: |  1  2  3  4  5  6  7  8  9 10 |
---------------+-------------------------------+-----
Fighting       | 4 5 6 |  6.7
Dodging        | 1 2 3 4 5 6 |  6.0
Axes           | 4 5 6 7 8 9 |  9.0
Armour         | 3 4 |  4.4
Stealth        | 1 2 3 4 5 |  5.0
Shields        | 1 5 6 |  6.2

Action                     |  1- 3 |  4- 6 |  7- 9 | 10-12 || total
---------------------------+-------+-------+-------+-------++-------
  Melee: Hand axe          |    61 |    70 |   311 |     5 ||   447
         Punch             |     1 |       |     1 |       ||     2
    Use: Potion            |     3 |       |     4 |     2 ||     9
         Scroll            |     1 |       |       |       ||     1
   Stab: Sleeping          |       |     1 |     1 |       ||     2
         Distracted        |       |       |     5 |       ||     5
 Armour: Leather armour    |    54 |    37 |   174 |       ||   265
         Steam dragon scal |       |       |    27 |    10 ||    37
  Dodge: Dodged            |    52 |    59 |   195 |     5 ||   311
  Block: Buckler           |       |       |    62 |     4 ||    66

Table legend: (Time is in decaauts)
 A = Elapsed time spent in this place.
 B = Non-inter-level travel time spent in this place.
 C = Inter-level travel time spent in this place.
 D = Time resting spent in this place.
 E = Time spent auto-exploring this place.
 F = Levels seen in this place.
 G = Mean time per level.
                   A        B        C        D        E       F      G
               +--------+--------+--------+--------+--------+-----+--------+
         Total |   5708 |   5090 |    618 |      0 |   3657 |   8 |  713.5 |
       Dungeon |   5418 |   4800 |    618 |      0 |   3479 |   7 |  774.0 |
        Bailey |    290 |    290 |      0 |      0 |    178 |   1 |  290.0 |
               +--------+--------+--------+--------+--------+-----+--------+

Top non-repeatable levels by time:
     D:2: 1082 daAuts
     D:5: 1038 daAuts
     D:6: 1009 daAuts
     D:4: 935 daAuts
     D:1: 632 daAuts
     D:3: 628 daAuts
  Bailey: 290 daAuts
     D:7: 90 daAuts
